 Dungeon Crawl Stone Soup version 0.28.0-43-g3370ac3207 (webtiles) character file.

Game seed: 14520405364388637906

14575 Revguard the Cleaver (level 11, 0/83 HPs)
             Began as a Demonspawn Gladiator on Mar 25, 2022.
             Was a High Priest of Okawaru.
             Shot with an arrow by a centaur (4 damage)
             ... on level 11 of the Dungeon.
             The game lasted 00:33:55 (13711 turns).

Revguard the Cleaver (Demonspawn Gladiator)        Turns: 13711, Time: 00:33:56

Health: 0/83       AC: 17    Str: 25    XL:     11   Next: 90%
Magic:  18/18      EV: 19    Int: 12    God:    Okawaru [*****.]
Gold:   185        SH:  4    Dex: 14    Spells: 9/20 levels left

rFire   . . .      SeeInvis .   a - +3 war axe (spect)
rCold   + . .      Faith    .   (no shield)
rNeg    . . .      Spirit   .   m - +3 scale mail {rC+}
rPois   .          Reflect  .   (helmet restricted)
rElec   .          Harm     .   v - +0 cloak
rCorr   .          Rampage  .   (no gloves)
Will    .....                   (no boots)
Stlth   ++........              q - amulet of magic regeneration
HPRegen 0.23/turn               l - +6 ring of strength
MPRegen 0.72/turn               w - +4 ring of evasion

@: about to teleport, heroic, corroded
A: antennae 2, icemail 2, magic regeneration, big brain 1, condensation shield
a: Renounce Religion, Heroism, Finesse, Duel


You were on level 11 of the Dungeon.
You worshipped Okawaru.
Okawaru was extremely pleased with you.
You visited 2 branches of the dungeon, and saw 12 of its levels.

You collected 569 gold pieces.
You spent 384 gold pieces at shops.

Inventory:

Hand Weapons
 a - a +3 spectral war axe (weapon)
Missiles
 d - 6 throwing nets
Armour
 m - a +3 scale mail of cold resistance (worn)
 v - a +0 cloak (worn)
 y - +0 steam dragon scales
Jewellery
 e - a ring of ice
 l - a +6 ring of strength (left hand)
 q - an amulet of magic regeneration (around neck)
 w - a +4 ring of evasion (right hand)
 z - an amulet of faith
Wands
 i - a wand of polymorph (11)
 p - a wand of digging (5)
 u - a wand of paralysis (1)
 x - a wand of flame (10)
Scrolls
 h - a scroll of fear
 k - 2 scrolls of amnesia
 o - 2 scrolls of magic mapping
 s - 2 scrolls of fog
 A - a scroll of identify
Potions
 b - a potion of brilliance
 c - a potion of magic
 f - a potion of attraction
 j - a potion of flight
 n - 3 potions of curing
 r - 2 potions of lignification
 t - a potion of ambrosia


   Skills:
 + Level 6.6(11.6) Fighting
 * Level 8.8(13.8) Axes
 - Level 1.7(6.7) Throwing
 + Level 6.6(11.6) Armour
 + Level 6.3(11.3) Dodging
 + Level 5.1 Spellcasting
 + Level 5.1 Transmutations
 + Level 5.6 Poison Magic
 + Level 6.3 Invocations
 + Level 6.0 Evocations


You had 9 spell levels left.
You knew the following spells:

 Your Spells              Type           Power      Damage    Failure   Level
a - Sting                 Tmut/Pois      64%        1d6       4%          1
b - Olgreb's Toxic Radia  Pois           16%        N/A       36%         4
c - Eringya's Noxious Bo  Tmut/Pois      8%         N/A       100%        6

Your spell library contained the following spells:

 Spells                   Type           Power      Damage    Failure   Level
 Beastly Appendage        Tmut           30%        N/A       4%          1
 Wereblood                Tmut           15%        N/A       7%          2
 Spider Form              Tmut/Pois      16%        N/A       13%         3
 Poisonous Vapours        Pois/Air       18%        N/A       19%         2
 Apportation              Tloc           6%         N/A       36%         1
 Blade Hands              Tmut           7%         N/A       78%         5
 Anguish                  Hex/Necr       1%         N/A       98%         4
 Yara's Violent Unravell  Hex/Tmut       4%         3d4       98%         5
 Iron Shot                Conj/Erth      1%         9d1       100%        6
 Enfeeble                 Hex            1%         N/A       100%        7
 Animate Skeleton         Necr           Unusable   N/A       N/A         1
 Summon Small Mammal      Summ           Unusable   N/A       N/A         1
 Tukima's Dance           Hex            Unusable   N/A       N/A         3
 Animate Armour           Summ/Erth      Unusable   N/A       N/A         4

Dungeon Overview and Level Annotations

Branches:
Dungeon (11/15)            Temple (1/1) D:5            Lair (0/6) D:8
    Orc (0/2) D:11

Altars:
Cheibriados
Dithmenos
Elyvilon
Fedhas
Gozag
Hepliaklqana
Kikubaaqudgha
Makhleb
Nemelex Xobeh
Okawaru
Qazlal
Sif Muna
Trog
Uskayaw
Vehumet
Wu Jian
Xom
Beogh

Shops:
D:7 ?[

Annotations:
D:3 3 runed translucent doors, CryoSword's ghost, amateur DgWz


Innate Abilities, Weirdness & Mutations

You have a pair of antennae on your head.
A meltable icy envelope protects you from harm. (AC +8)
You regenerate magic rapidly.
You have an unusually large brain. (Int +2)
A meltable shield of frost defends you. (SH +4)


Message History

Your punch misses the centaur warrior zombie.
The centaur warrior zombie is almost destroyed.
Your +3 spectral war axe hits the centaur warrior zombie.
You hit the centaur warrior zombie.
The centaur warrior zombie is almost destroyed.
Your +3 spectral war axe hits the centaur warrior zombie!
You destroy the centaur warrior zombie!
Okawaru is honoured by your kill.
The acid dragon bites your +3 spectral war axe!
Your spectral weapon shares its damage with you!
Your +3 spectral war axe fades away.
A two-headed ogre comes into view.
It is wielding a +0 giant club and a +0 giant spiked club.
The acid dragon spits acid at you. The splash of acid hits you!!
* * * LOW HITPOINT WARNING * * *
The acid corrodes you!
The two-headed ogre shouts in stereo!
You hear a howl!
As you read the scroll of fear, it crumbles to dust.
You assume a fearsome visage.
The acid dragon looks frightened!
The two-headed ogre looks frightened!
The troll looks frightened!
As you read the scroll of teleportation, it crumbles to dust.
You feel strangely unstable.
The troll begs for mercy.
Your surroundings suddenly seem different.
A centaur comes into view. It is wielding a +0 battleaxe.
The centaur barely misses you.
The centaur kicks you but does no damage.
You block the centaur's attack. The centaur completely misses you.
As you read the scroll of fear, it crumbles to dust.
You assume a fearsome visage.
The centaur looks frightened!
A howler monkey comes into view.
The centaur yells at you, "GO AWAY!"
As you read the scroll of teleportation, it crumbles to dust.
You feel strangely unstable.
The troll seems to regain its courage.
The centaur begs, "Please!
I have a lot of children!"
Cornered, the centaur turns to fight!
Your hands slow down.
The centaur unwields a +0 battleaxe.
The centaur wields a +0 shortbow.
The centaur shoots an arrow.
The arrow hits you.
You die...

.# .#.#?
.# ##.##
## ##...
# ... #
#T###{ #.
#h.# {
#.#..#.c#
#......#
{
#.#..#.@#
#. #..# #
# #### ##
.## ..##
.... ....
....


You could see a troll, a centaur and a howler monkey.

Vanquished Creatures
  2 two-headed ogres (D:11)
  Pikel (D:7)
  2 cyclopes (D:11)
  3 gargoyles
  Maggie (D:6)
  A komodo dragon (D:10)
  5 kobold demonologists
  An unseen horror (D:10)
  4 trolls
  A hornet (D:7)
  Prince Ribbit (D:7)
  A meliai zombie (D:10)
  A shadow (D:11)
  A wraith (D:10)
  2 vampires
  A steam dragon (D:10)
  6 yaks
  2 vampire mosquitoes (D:11)
  Menkaure (D:6)
  2 water moccasins
  4 orc warriors
  2 sky beasts
  An ice beast (D:7)
  A black bear (D:7)
  8 centaurs
  2 necrophages
  2 wolves (D:8)
  4 lemures (D:7)
  2 phantoms
  4 kobold brigands
  2 bullfrogs
  A scorpion (D:3)
  A wyvern zombie (D:6)
  2 gnoll sergeants
  2 wyvern skeletons (D:7)
  A water moccasin skeleton (D:5)
  12 killer bees
  3 wights (D:8)
  2 howler monkeys (D:9)
  4 electric eels (D:8)
  5 centaur zombies
  4 jellies
  2 orc priests (D:8)
  5 hounds
  A centaur skeleton (D:6)
  Terence (D:3)
  5 iguanas
  4 orc wizards
  A hound skeleton (D:4)
  Robin (D:3)
  8 adders
  15 gnolls
  2 white imps
  A worm (D:3)
  4 dart slugs
  23 orcs
  6 bats
  5 endoplasms
  3 giant cockroaches
  14 goblins
  8 hobgoblins
  14 jackals
  20 kobolds
  5 quokkas
  8 ball pythons
  2 frilled lizards (D:3)
  A quokka skeleton (D:4)
  7 rats
274 creatures vanquished.

Vanquished Creatures (others)
  A centaur (D:10)
1 creature vanquished.

Grand Total: 275 creatures vanquished

Notes
Turn   | Place    | Note
-------+----------+-------------------------------------------
     0 | D:1      | Revguard the Demonspawn Gladiator began the quest for the
                  | Orb.
     0 | D:1      | Reached XP level 1. HP: 16/16 MP: 1/1
    39 | D:1      | Gained mutation: You have a pair of small antennae on your
                  | head. [demonic ancestry]
    39 | D:1      | Reached XP level 2. HP: 17/22 MP: 2/2
   386 | D:1      | Reached skill level 3 in Axes
   825 | D:1      | Reached skill level 1 in Armour
  1434 | D:2      | Gained mutation: You regenerate magic rapidly. [demonic
                  | ancestry]
  1434 | D:2      | Reached XP level 3. HP: 26/27 MP: 3/3
  1985 | D:2      | Gained mutation: A meltable shield of frost defends you.
                  | (SH +4) [demonic ancestry]
  1985 | D:2      | Reached XP level 4. HP: 23/34 MP: 4/4
  2423 | D:3      | Noticed a scorpion
  2466 | D:3      | Noticed Robin
  2485 | D:3      | Killed Robin
  2832 | D:3      | Reached skill level 1 in Evocations
  2878 | D:3      | Gained mutation: You have a pair of antennae on your head.
                  | [demonic ancestry]
  2878 | D:3      | Reached XP level 5. HP: 32/32 MP: 5/5
  2899 | D:3      | Noticed Terence
  2901 | D:3      | Noticed a great orb of eyes
  2907 | D:3      | Killed Terence
  3055 | D:3      | Found a faded altar of an unknown god.
  3055 | D:3      | Noticed a floating eye
  3060 | D:3      | Noticed a great orb of eyes
  3060 | D:3      | Noticed a shining eye
  3063 | D:3      | Identified the +1 leather armour of Alodeph {rF+}
  3616 | D:3      | Found a runed translucent gate.
  3616 | D:3      | Noticed CryoSword's ghost (amateur DgWz)
  3617 | D:3      | Found a runed translucent gate.
  3618 | D:3      | Found a runed translucent gate.
  3813 | D:4      | Reached skill level 4 in Axes
  3850 | D:4      | Noticed a water moccasin
  3862 | D:4      | Killed a water moccasin
  3863 | D:4      | Gained mutation: You have an unusually large brain. (Int
                  | +2) [demonic ancestry]
  3863 | D:4      | Reached XP level 6. HP: 20/47 MP: 6/6
  4141 | D:4      | Learned a level 1 spell: Sting
  4377 | D:4      | Found an ornate altar of the Wu Jian Council.
  5026 | D:4      | Gained mutation: A meltable icy envelope protects you from
                  | harm. (AC +8) [demonic ancestry]
  5026 | D:4      | Reached XP level 7. HP: 40/52 MP: 7/7
  5132 | D:5      | Entered Level 5 of the Dungeon
  5163 | D:5      | Reached skill level 1 in Poison Magic
  5353 | D:5      | Reached skill level 1 in Spellcasting
  5353 | D:5      | Reached skill level 1 in Transmutations
  5360 | D:5      | Learned a level 4 spell: Olgreb's Toxic Radiance
  5680 | D:5      | Reached skill level 5 in Axes
  5680 | D:5      | Reached XP level 8. HP: 29/60 MP: 8/10
  5996 | D:5      | Found a staircase to the Ecumenical Temple.
  6028 | Temple   | Entered the Ecumenical Temple
  6392 | Temple   | Became a worshipper of Warmaster Okawaru
  6713 | D:6      | Noticed Maggie
  6738 | D:6      | Killed Maggie
  7194 | D:6      | Noticed Menkaure
  7204 | D:6      | Killed Menkaure
  7204 | D:6      | Reached * piety under Okawaru
  7621 | D:6      | Gained mutation: A meltable icy envelope protects you from
                  | harm. (AC +8) [demonic ancestry]
  7621 | D:6      | Reached XP level 9. HP: 43/66 MP: 12/12
  7818 | D:6      | Reached skill level 1 in Invocations
  7978 | D:6      | Reached skill level 6 in Axes
  8091 | D:6      | Reached skill level 5 in Armour
  8366 | D:7      | Identified the +3 ring mail "Doaseuse" {Str+4}
  8391 | D:7      | Found Comus's Magic Scroll Shoppe.
  8399 | D:7      | Bought a scroll of brand weapon for 220 gold pieces
  8426 | D:7      | Reached ** piety under Okawaru
  8519 | D:7      | Noticed Pikel
  8537 | D:7      | Killed Pikel
  8804 | D:7      | Noticed Prince Ribbit
  8811 | D:7      | Killed Prince Ribbit
  8812 | D:7      | Reached skill level 5 in Fighting
  8853 | D:7      | Reached skill level 5 in Dodging
  8857 | D:7      | Found Cheibriados's Comfort Zone.
  8929 | D:7      | Found a snail-covered altar of Cheibriados.
  9107 | D:7      | Paralysed by a hornet for 2 turns
  9970 | D:7      | Bought a scroll of enchant weapon for 82 gold pieces
  9970 | D:7      | Bought a scroll of enchant weapon for 82 gold pieces
 10045 | D:8      | Reached *** piety under Okawaru
 10046 | D:8      | Reached XP level 10. HP: 74/74 MP: 15/15
 10055 | D:8      | Noticed a gargoyle
 10062 | D:8      | Reached skill level 7 in Axes
 10065 | D:8      | Killed a gargoyle
 10232 | D:8      | Found a staircase to the Lair.
 10955 | D:8      | Reached **** piety under Okawaru
 11176 | D:8      | Identified a scroll of acquirement
 11176 | D:8      | Acquired Gost's Catalogue of Moulding
 11185 | D:8      | Learned a level 6 spell: Eringya's Noxious Bog
 11642 | D:9      | Reached skill level 5 in Evocations
 12042 | D:10     | Entered Level 10 of the Dungeon
 12060 | D:10     | Reached skill level 5 in Invocations
 12060 | D:10     | Reached XP level 11. HP: 70/81 MP: 14/17
 12073 | D:10     | Reached ***** piety under Okawaru
 12870 | D:11     | Found a staircase to the Orcish Mines.
 12876 | D:11     | Reached skill level 8 in Axes
 13022 | D:11     | Noticed a sixfirhy
 13033 | D:11     | Reached skill level 5 in Poison Magic
 13339 | D:11     | Noticed a two-headed ogre
 13345 | D:11     | Killed a two-headed ogre
 13619 | D:11     | Found a stormy altar of Qazlal.
 13621 | D:11     | Found a snail-covered altar of Cheibriados.
 13622 | D:11     | Found a shimmering altar of Xom.
 13622 | D:11     | Found a hide-covered altar of Uskayaw.
 13653 | D:11     | Reached skill level 5 in Spellcasting
 13653 | D:11     | Reached skill level 5 in Transmutations
 13671 | D:11     | Noticed a two-headed ogre
 13690 | D:11     | Killed a two-headed ogre
 13700 | D:11     | Noticed a two-headed ogre
 13701 | D:11     | HP: 1/83 [acid dragon/splash of acid (33)]
 13711 | D:11     | Shot with an arrow by a centaur

Illustrated notes

Levels and vault maps discovered:
D:1:      dpeg_arrival_rooms_with_view, layout_basic
D:2:      layout_basic
D:3:      layout_rooms, hellmonk_ecumenical_altar_watching_god,
          biasface_ghost_orc_armoury, uniq_terence, uniq_robin
D:4:      layout_loops_ring, mainiacjoe_overflow_alcove_1
D:5:      layout_basic, minmay_temple_entry_mist, minmay_misc_feat_enclosed,
          chequers_avenue, cheibrodos_gnoll_hut
D:6:      layout_loops_ring, uniq_menkaure, uniq_maggie
D:7:      layout_layer_cave, serial_shops, nicolae_shop_trees, minmay_shop_chei,
          uniq_prince_ribbit1, uniq_pikel
D:8:      layout_basic, erik_lair_island
D:9:      layout_big_octagon
D:10:     layout_cave_pools, chequers_serial_rivers_room_a
D:11:     minmay_the_grid_octo_tiled_squarecenter [minmay_the_grid_octo_shrine,
          minmay_the_grid_octo_clover_2, minmay_the_grid_octo_fat_diamond,
          minmay_the_grid_octo_checkerflower,
          minmay_the_grid_square_5x5_megaprize_hollow,
          minmay_the_grid_square_5x5_bridge,
          minmay_the_grid_square_5x5_doubleslash,
          minmay_the_grid_square_5x5_shrine2,
          minmay_the_grid_square_5x5_inner_i], layout_irregular_city,
          orc_0_dummy
Temple:   mainiacjoe_temple_trianglar_array

Skill      XL: |  1  2  3  4  5  6  7  8  9 10 11 |
---------------+----------------------------------+-----
Axes           | 3 4 5 6 7 8 |  8.8
Armour         | 1 2 3 4 5 6 |  6.6
Dodging        | 3 4 5 6 |  6.3
Evocations     | 1 2 3 4 5 6 |  6.0
Fighting       | 3 4 5 6 |  6.6
Poison Magic   | 1 2 3 4 5 |  5.6
Spellcasting   | 1 2 3 4 5 |  5.1
Transmutations | 1 2 3 4 5 |  5.1
Invocations    | 3 5 6 |  6.3
Throwing       | |  1.7

Action                   |  1- 3 |  4- 6 |  7- 9 | 10-12 || total
-------------------------+-------+-------+-------+-------++-------
Melee: War axe           |    96 |   155 |   270 |   218 ||   739
       Punch             |     2 |     3 |     7 |     8 ||    20
Throw: Throwing net      |       |     1 |       |       ||     1
 Cast: Sting             |       |       |     9 |     2 ||    11
       Olgreb's Toxic Ra |       |       |       |     1 ||     1
Invok: Heroism           |       |       |       |     6 ||     6
       Finesse           |       |       |       |     4 ||     4
  Use: Potion            |       |     6 |     5 |     4 ||    15
       Scroll            |       |     4 |    10 |     7 ||    21
 Stab: Distracted        |       |       |       |     3 ||     3
Armor: Leather armour    |    49 |    27 |       |       ||    76
       Scale mail        |       |    32 |   155 |    94 ||   281
       Steam dragon scal |       |       |    12 |       ||    12
Dodge: Dodged            |    99 |   149 |   200 |   219 ||   667
Block: Other             |       |    47 |    57 |    44 ||   148
